 Dungeon Crawl Stone Soup version 0.19-a0-517-gd6a9987 (webtiles) character file.

39346 Aksej the Spear-Bearer (level 13, -9/93 HPs)
             Began as a Demonspawn Fighter on June 6, 2016.
             Was the Champion of Hepliaklqana.
             Mangled by a fire elemental (12 damage)
             ... led by Azrael
             ... on level 15 of the Dungeon.
             The game lasted 00:52:23 (14855 turns).

Aksej the Spear-Bearer (Demonspawn Fighter)        Turns: 14855, Time: 00:52:23

Health: -9/93      AC: 19    Str: 26    XL:     13   Next: 68%
Magic:  0/28       EV: 16    Int: 10    God:    Hepliaklqana [******]
Gold:   800        SH:  2    Dex: 10    Spells: 0 memorised, 20 levels left

rFire  . . .     SeeInvis +     a - +11 trident "Gatiptyixu" {pain, +Blink rC+ Str+6 Dex-4}
rCold  + . .     Gourm    +     D - +0 plate armour
rNeg   . . .     Faith    .     (no shield)
rPois  .         Spirit   +     (helmet unavailable)
rElec  +         Dismiss  .     (no cloak)
rCorr  .         Reflect  .     i - +0 pair of gloves
SustAt .         Harm     .     p - +0 pair of boots
MR     ++...                    G - amulet of the gourmand
Stlth  ..........               A - +6 ring of evasion
                                r - ring of magical power

@: about to teleport, very resistant to hostile enchantments, extremely
unstealthy
A: antennae 3, large bone plates 1, frail 1, magic resistance 2, screaming 1,
electricity resistance, magic shield, magic regeneration, rot immunity
a: Recall Ancestor, Ancestor Identity, Transference, Idealise, Renounce
Religion, Evoke Blink


You were on level 15 of the Dungeon.
You worshipped Hepliaklqana.
Hepliaklqana was exalted by your worship.
You were completely stuffed.

You visited 1 branch of the dungeon, and saw 15 of its levels.
You also visited: Sewer.

You collected 800 gold pieces.

Inventory:

Hand Weapons
 a - the +11 trident "Gatiptyixu" (weapon) {pain, +Blink rC+ Str+6 Dex-4}
   (You found it on level 4 of the Dungeon)

   In the hands of one skilled in necromantic magic, it inflicts extra damage on
   living creatures.
   It affects your strength (+6).
   It affects your dexterity (-4).
   It protects you from cold.
   It lets you blink.
 b - a +2 glaive of flaming
Missiles
 d - 6 tomahawks (quivered)
 o - 4 tomahawks of dispersal
Armour
 i - a +0 pair of gloves (worn)
 p - a +0 pair of boots (worn)
 D - a +0 plate armour (worn)
Jewellery
 e - an uncursed ring of protection from cold
 r - a ring of magical power (left hand)
 w - an uncursed ring of sustain attributes
 A - a +6 ring of evasion (right hand)
 G - an amulet of the gourmand (around neck)
 K - a +2 amulet of reflection {unknown}
 O - an uncursed ring of magical power
Wands
 u - a wand of polymorph (20/24)
 E - a wand of enslavement (13/24)
 F - a wand of acid (2/15)
 H - a wand of lightning (10/15)
 M - a wand of acid (7/15)
Scrolls
 h - 7 scrolls of enchant armour
 k - 2 scrolls of amnesia
 l - 2 scrolls of fear
 q - 5 scrolls of recharging
 s - 4 scrolls of fog
 x - 5 scrolls of remove curse
 y - 7 scrolls of teleportation
 B - a scroll of identify
 J - a scroll of magic mapping
Potions
 m - 2 potions of flight
 n - 2 potions of magic
 z - 6 potions of brilliance
 I - a potion of cure mutation
Comestibles
 c - 8 fruits
 f - 10 bread rations
 g - 10 slices of pizza
 j - 13 meat rations
 t - a chunk of flesh
 v - 2 royal jellies
 C - 4 beef jerkies


   Skills:
 * Level 10.4 Fighting
   Level 4.1 Long Blades
 * Level 13.7 Polearms
 + Level 1.0 Throwing
 * Level 10.8 Armour
 + Level 6.1 Dodging
 + Level 5.2 Stealth
   Level 2.6 Shields
 + Level 4.2 Spellcasting


You had 20 spell levels left.
You didn't know any spells.

Dungeon Overview and Level Annotations

Branches:
Dungeon (15/15)            Temple (0/1) D:6            Lair (0/8) D:11
    Orc (0/2) D:11         Vaults (0/5) D:13
 Depths: D:15

Altars:
Cheibriados
Dithmenos
Elyvilon
Fedhas
Gozag
Hepliaklqana
Kikubaaqudgha
Nemelex Xobeh
Pakellas
Qazlal
Sif Muna
Vehumet
Xom
Yredelemnul
Zin
The Shining One

Shops:
D:8 (   D:10 (

Annotations:
D:3 1 runed door
D:10 exclusion: obsidian statue


Innate Abilities, Weirdness & Mutations

You have a pair of large antennae on your head. (SInv)
You are partially covered in large bone plates. (AC +2, SH +2)
When hurt, damage is shared between your health and your magic reserves.
You regenerate magic rapidly.
You are immune to rotting.
You are frail. (-10% HP)
You are highly resistant to hostile enchantments. (MR++)
You occasionally shout uncontrollably at your foes.
You are resistant to electric shocks. (rElec)


Message History

The centaur warrior shoots an arrow.
The arrow barely misses you.
The arrow barely misses the fire elemental.
The arrow closely misses the brown ugly thing.
You see here a large rock.
The centaur warrior unwields an uncursed longbow.
The centaur warrior hits you but does no damage.
The eye of draining gazes at you.
You feel your power leaking away. The fire elemental misses you.
The brown ugly thing is engulfed in roaring flames.
You puncture the fire elemental!
The fire elemental is almost destroyed.
The fire elemental hits you. The fire elemental burns you!
* * * LOW HITPOINT WARNING * * *
The brown ugly thing is engulfed in roaring flames.
Okay, then.
As you read the scroll of teleportation, it crumbles to dust.
You feel strangely unstable. The fire elemental hits you.
The fire elemental burns you!
You die...

#$ ###.##### ##
######. #<.....<. ##
#.
.......###.#.####.
§.. #. #)......#
#.#. #.......#
#..#########)......#
#({({§§c(G((.()....#
#{#.###u####.)...).#
#{ #.#
#.E@..............
.. {{.#
######.......#.#.#
#. {####
####........ # {
##..###### ...# #.##
#.#


You could see a brown ugly thing and a fire elemental.

Vanquished Creatures
  Louise (D:14)
  Azrael (D:15)
  2 vault guards (D:13)
  A hydra (D:12)
  A catoblepas (D:14)
  An ogre mage (D:13)
  A death knight (D:15)
  A centaur warrior (D:15)
  A tengu warrior (D:13)
  Nergalle (D:11)
  2 skeletal warriors
  An unseen horror (D:14)
  5 hill giants
  An orc knight (D:13)
  2 deep elf magi
  The ghost of vible the Grappler, a novice DrTm of Fedhas (D:7)
  2 phantasmal warriors (D:15)
  A wizard (D:13)
  2 ugly things (D:13)
  A cyclops (D:15)
  A manticore (D:14)
  2 centaur zombies
  4 gargoyles
  3 centaur skeletons
  A rime drake (shapeshifter) (D:14)
  A freezing wraith (D:15)
  An efreet (D:14)
  2 yaktaurs
  The ghost of Zigma the Ruffian, an amateur DrMo of Uskayaw (D:4)
  A jumping spider (shapeshifter) (D:14)
  3 slime creatures
  A two-headed ogre (D:15)
  2 centaur simulacra (D:15)
  A wyvern (D:12)
  2 shadows (D:14)
  A human (D:9)
  2 fire elementals (D:15)
  5 yaks (D:10)
  2 hungry ghosts
  2 hippogriffs
  2 mottled dragons
  4 vampire mosquitoes (D:14)
  A soldier ant (D:11)
  3 hell hounds (D:15)
  A water moccasin (D:8)
  2 phantoms
  3 orc warriors
  3 sky beasts
  4 ice beasts
  2 eyes of draining
  2 necrophages
  2 ogres (D:14)
  2 wasps
  6 centaurs
  4 big kobolds
  14 giant frogs
  A wyvern zombie (D:14)
  A wyvern skeleton (D:12)
  4 scorpions
  5 killer bees (D:4)
  3 wights (D:13)
  4 electric eels (D:13)
  3 howler monkeys (D:14)
  3 crimson imps
  4 jellies
  2 giant frog zombies
  7 orc priests
  3 hounds
  4 iguanas
  5 orc wizards
  7 worker ants
  A statue (D:8)
  4 sheep (D:9)
  3 hound skeletons
  A hound zombie (D:8)
  3 gnolls (D:3)
  17 adders
  2 river rats (D:5)
  3 shadow imps
  2 oozes
  2 adder skeletons
  A worm (D:4)
  3 dart slugs
  A giant gecko (D:3)
  33 orcs
  A ball python (D:2)
  6 bats
  4 giant cockroaches
  3 hobgoblins
  6 jackals
  15 kobolds
  5 quokkas
  10 giant newts
  11 goblins
  A jackal zombie (D:5)
  5 rats
  12 plants
333 creatures vanquished.

Vanquished Creatures (collateral kills)
  A vault guard (D:13)
  A hill giant (D:10)
  A troll (D:15)
  A wraith (D:15)
  A yak (D:14)
  A hungry ghost (D:11)
  2 black bears
  An ice beast (D:10)
  2 ogres
  2 phantoms
  A centaur (D:5)
  A wyvern skeleton (D:13)
  A howler monkey (D:7)
  A centaur zombie (D:6)
  A crimson imp (D:5)
  A hound (D:5)
  An orc priest (D:8)
  2 orc wizards
  A giant frog skeleton (D:4)
  2 worker ants
  3 adders
  An ooze (Sewer)
  A giant gecko (D:3)
  3 orcs
  A giant cockroach (D:6)
  2 giant newts (Sewer)
  5 kobolds
  2 rats
  A butterfly (D:6)
  A plant (D:14)
45 creatures vanquished.

Vanquished Creatures (others)
  A vault guard (D:13)
  An ugly thing (D:15)
  A hell hound (D:15)
  7 hexers
  2 ancestors
  7 plants
  A withered plant (D:15)
20 creatures vanquished.

Grand Total: 398 creatures vanquished

Notes
Turn   | Place    | Note
--------------------------------------------------------------
     0 | D:1      | Aksej the Demonspawn Fighter began the quest for the Orb.
     0 | D:1      | Reached XP level 1. HP: 18/18 MP: 1/1
   355 | D:1      | Gained mutation: When hurt, damage is shared between your health and your magic reserves. [demonic ancestry]
   355 | D:1      | Reached XP level 2. HP: 19/24 MP: 2/2
  1082 | D:2      | Gained mutation: You regenerate magic rapidly. [demonic ancestry]
  1082 | D:2      | Reached XP level 3. HP: 22/29 MP: 1/3
  1253 | D:2      | Found a snail-covered altar of Cheibriados.
  1390 | D:2      | Found an ancient bone altar of Kikubaaqudgha.
  1936 | D:3      | Reached XP level 4. HP: 34/35 MP: 4/4
  1997 | D:3      | Reached skill level 1 in Dodging
  2108 | D:3      | Found a hazy altar of Hepliaklqana.
  2109 | D:3      | Found a shimmering altar of Xom.
  2109 | D:3      | Noticed a hell beast
  2110 | D:3      | Noticed a spectral ugly thing
  2110 | D:3      | Noticed a hell beast
  2129 | D:3      | Became a worshipper of Hepliaklqana
  2179 | D:3      | Found a glowing golden altar of the Shining One.
  2179 | D:3      | Noticed an angel
  2180 | D:3      | Found a runed door.
  2314 | D:3      | Reached XP level 5. HP: 14/41 MP: 2/5
  2898 | D:4      | Got a warped trident
  2901 | D:4      | Gained mutation: You are partially covered in large bone plates. (AC +2, SH +2) [demonic ancestry]
  2901 | D:4      | Reached XP level 6. HP: 35/48 MP: 3/6
  2908 | D:4      | Identified the +11 trident "Gatiptyixu" {pain, +Blink rC+ Str+6 Dex-4} (You found it on level 4 of the Dungeon)
  3128 | D:4      | Found a blossoming altar of Fedhas.
  3136 | D:4      | Noticed Zigma's ghost (amateur DrMo)
  3166 | D:4      | Killed Zigma's ghost
  3166 | D:4      | Reached skill level 1 in Stealth
  3166 | D:4      | Reached XP level 7. HP: 8/55 MP: 1/7
  3618 | D:4      | Reached * piety under Hepliaklqana
  3725 | D:4      | Reached skill level 1 in Polearms
  3731 | D:4      | Gained mutation: You are robust. (+10% HP) [potion of mutation]
  3731 | D:4      | Gained mutation: You have large cloven feet. [potion of mutation]
  3731 | D:4      | Lost mutation: You are robust. (+10% HP) [potion of mutation]
  3778 | D:4      | Reached skill level 5 in Armour
  3836 | D:4      | Found Qaankaqig's Gadget Emporium.
  4032 | D:5      | Entered Level 5 of the Dungeon
  4123 | D:5      | Reached skill level 2 in Polearms
  4166 | D:5      | You fall through a shaft!
  4166 | D:6      | Found a shadowy altar of Dithmenos.
  4177 | D:6      | Found a staircase to the Ecumenical Temple.
  4182 | D:6      | Gained mutation: You have a pair of small antennae on your head. [demonic ancestry]
  4182 | D:6      | Reached XP level 8. HP: 61/61 MP: 8/8
  4185 | D:6      | Reached skill level 5 in Fighting
  4244 | D:5      | Reached ** piety under Hepliaklqana
  4245 | D:5      | Remembered your ancestor Ishtar-belessa as a hexer
  4261 | D:5      | Found a glowing drain.
  4272 | Sewer    | Entered a sewer
  4432 | Sewer    | Reached skill level 3 in Polearms
  5023 | D:5      | Found a stormy altar of Qazlal.
  5129 | D:5      | Found a glowing golden altar of the Shining One.
  5139 | D:5      | Reached skill level 4 in Polearms
  5140 | D:5      | Found a basalt altar of Yredelemnul.
  5143 | D:5      | Noticed a profane servitor
  5416 | D:5      | Found an opulent altar of Gozag.
  5416 | D:5      | Found a deep blue altar of Sif Muna.
  5442 | D:5      | Reached *** piety under Hepliaklqana
  5684 | D:5      | Noticed an angel
  5815 | D:6      | Reached skill level 5 in Polearms
  5893 | D:6      | Found a white marble altar of Elyvilon.
  5978 | D:6      | Reached XP level 9. HP: 68/68 MP: 9/9
  6402 | D:7      | Found a sparkling altar of Nemelex Xobeh.
  6599 | D:7      | Reached **** piety under Hepliaklqana
  6692 | D:7      | Noticed vible's ghost (novice DrTm)
  6700 | D:7      | Killed vible's ghost
  6700 | D:7      | Reached skill level 6 in Polearms
  7173 | D:7      | Found a glowing silver altar of Zin.
  7173 | D:7      | Noticed an angel
  7340 | D:8      | Found a radiant altar of Vehumet.
  7419 | D:8      | Reached skill level 7 in Polearms
  7480 | D:8      | Found Ruutyju's Weapon Emporium.
  8022 | D:8      | Lost mutation: You have large cloven feet. [potion of cure mutation]
  8075 | D:9      | Gained mutation: You have a pair of antennae on your head. [demonic ancestry]
  8075 | D:9      | Reached XP level 10. HP: 64/76 MP: 10/10
  8218 | D:9      | Reached ***** piety under Hepliaklqana
  8251 | D:9      | Reached skill level 8 in Polearms
  8296 | D:9      | Found an oddly glowing altar of Pakellas.
  8645 | D:10     | Entered Level 10 of the Dungeon
  8652 | D:10     | Reached skill level 9 in Polearms
  8652 | D:10     | Reached skill level 5 in Dodging
  8652 | D:10     | Reached XP level 11. HP: 84/84 MP: 17/17
  8731 | D:10     | Found Opnuic's Antique Weapon Emporium.
  8774 | D:10     | Noticed an obsidian statue
  8781 | D:10     | Noticed a soul eater
  8806 | D:10     | HP: 2/84 [soul eater/drain life[an obsidian statue] (10)]
  8985 | D:10     | Gained mutation: You are frail. (-10% HP) [mutagenic meat]
  8986 | D:10     | Gained mutation: Your spells are a little harder to cast, but a little more powerful. [mutagenic meat]
  8987 | D:10     | Gained mutation: You are resistant to hostile enchantments. (MR+) [mutagenic meat]
  8988 | D:10     | Gained mutation: You are very frail. (-20% HP) [mutagenic meat]
  9198 | D:10     | Noticed a hill giant
  9203 | D:10     | Killed a hill giant
  9203 | D:10     | Reached skill level 10 in Polearms
  9286 | D:10     | Noticed a hill giant
  9293 | D:10     | Killed a hill giant
  9759 | D:11     | Noticed Nergalle
  9809 | D:11     | Killed Nergalle
 10044 | D:11     | Found a staircase to the Lair.
 10132 | D:11     | Gained mutation: You are clumsy. (Dex -2) [mutagenic meat]
 10133 | D:11     | Gained mutation: You tend to lose your temper in combat. [mutagenic meat]
 10134 | D:11     | Lost mutation: You are very frail. (-20% HP) [mutagenic meat]
 10135 | D:11     | Gained mutation: You are resistant to electric shocks. (rElec) [mutagenic meat]
 10136 | D:11     | Gained mutation: You occasionally shout uncontrollably at your foes. [mutagenic meat]
 10137 | D:11     | Gained mutation: You are highly resistant to hostile enchantments. (MR++) [potion of mutation]
 10137 | D:11     | Lost mutation: Your spells are a little harder to cast, but a little more powerful. [potion of mutation]
 10452 | D:11     | Found a staircase to the Orcish Mines.
 10952 | D:12     | Noticed a seven-headed hydra
 10962 | D:12     | Killed a seven-headed hydra
 10962 | D:12     | Reached skill level 11 in Polearms
 11078 | D:12     | Noticed a hill giant
 11088 | D:12     | Killed a hill giant
 11088 | D:12     | Reached XP level 12. HP: 55/83 MP: 18/18
 11228 | D:13     | Noticed a tengu warrior
 11259 | D:13     | Killed a tengu warrior
 11510 | D:13     | Gained mutation: You have a pair of large antennae on your head. (SInv) [mutagenic meat]
 11684 | D:13     | Noticed a vault guard
 11688 | D:13     | Noticed a vault guard
 11697 | D:13     | Noticed a vault guard
 11698 | D:13     | Noticed an ogre mage
 11717 | D:13     | Killed a vault guard
 11722 | D:13     | Killed an ogre mage
 11763 | D:13     | Lost mutation: You are clumsy. (Dex -2) [mutagenic meat]
 11764 | D:13     | Lost mutation: You tend to lose your temper in combat. [mutagenic meat]
 11830 | D:13     | Killed a vault guard
 11830 | D:13     | Reached skill level 12 in Polearms
 11893 | D:13     | Killed a vault guard
 12114 | D:13     | Found a gate to the Vaults.
 12117 | D:13     | Noticed a vault guard
 12121 | D:13     | Killed a vault guard
 12427 | D:14     | Reached skill level 10 in Armour
 12437 | D:14     | Noticed Louise
 12484 | D:14     | Killed Louise
 12761 | D:14     | Noticed a catoblepas
 12791 | D:14     | Killed a catoblepas
 12813 | D:14     | Gained mutation: You are immune to rotting. [demonic ancestry]
 12813 | D:14     | Reached XP level 13. HP: 25/90 MP: 11/19
 13211 | D:14     | Reached skill level 1 in Throwing
 13394 | D:14     | Reached skill level 5 in Stealth
 13599 | D:14     | Reached skill level 13 in Polearms
 13815 | D:14     | Reached ****** piety under Hepliaklqana
 14291 | D:15     | Entered Level 15 of the Dungeon
 14314 | D:15     | Reached skill level 10 in Fighting
 14807 | D:15     | Noticed Azrael
 14815 | D:15     | Killed Azrael
 14854 | D:15     | HP: 3/93 [fire elemental[Azrael] (5)]
 14855 | D:15     | Mangled by a fire elemental

Vault maps used:
D:1:      dpeg_arrival_three_smaller_balls
D:2:      nicolae_overflow_hidden_temple, kiku_gazebo_garden_becter,
          first_bread, item_on_display_a
D:3:      regret_index_temple_of_mockery, serial_corexii_hall,
          corexii_hall_statues_i, corexii_hall_statues_l,
          corexii_hall_statues_i, corexii_hall_statues_i, lemuel_angel_altar
D:4:      lemuel_round_altar, serial_shops, shop_statue
D:5:      grunt_temple_overflow_holy_war, nicolae_overflow_crystal_walls,
          gammafunk_temple_overflow_wave, portal_sewer_entry_e,
          lemuel_old_faithful
D:6:      kennysheep_mini, minmay_temple_entry_butterflies,
          nicolae_dithmenos_the_darkroom
D:7:      nemelex_xobeh_ov_fountains_minmay, zin_angel, minmay_holes
D:8:      vehumet_statue, serial_shops, nicolae_shop_crystal
D:9:      overflow_temple_1_default, grunt_livestock
D:10:     minmay_statue_hallways, serial_shops, nicolae_shop_stone
D:11:     lair_0_dummy, orc_0_dummy, uniq_nergalle
D:12:     serial_glass, glass_columns_a, glass_columns_a, st_stairs_14
D:13:     grunt_vaults_entry_fortified, serial_bayou_lagoon_b
D:14:     wad_woods_minihive, serial_co_window_serial, co_window_cross_1,
          co_window_paths_b, co_window_paths_a, co_window_of_opportunity_a,
          co_window_cross_1, co_window_of_opportunity_b,
          co_window_unsneaky_path_d, co_window_broadway_a, co_window_paths_c,
          co_window_of_opportunity_c, co_window_2corner, glass_columns_b,
          hex_tiny, uniq_louise
D:15:     gammafunk_depths_entry_grave, grunt_decor_mini_mirrors,
          evilmike_surprise_oklob, uniq_azrael
Sewer:    kennysheep_pipe_town

Skill      XL: |  1  2  3  4  5  6  7  8  9 10 11 12 13 |
---------------+----------------------------------------+-----
Long Blades    | 2 3 4 |  4.1
Armour         | 3 4 5 7 8 9 10 | 10.8
Dodging        | 1 2 3 4 5 6 |  6.1
Fighting       | 4 5 6 7 8 9 10 | 10.4
Stealth        | 1 2 4 5 |  5.2
Polearms       | 2 5 7 9 11 12 13 | 13.7
Spellcasting   | 4 |  4.2
Throwing       | 1 |  1.0
Shields        | |  2.6

Action                   |  1- 3 |  4- 6 |  7- 9 | 10-12 | 13-15 || total
-------------------------+-------+-------+-------+-------+-------++-------
Melee: Long sword        |   124 |    98 |       |       |       ||   222
       Trident           |       |    23 |   322 |   564 |   352 ||  1261
Throw: Tomahawk          |       |       |       |     8 |     5 ||    13
Invok: Recall Ancestor   |       |       |     1 |       |       ||     1
       Ancestor Life: He |       |       |     1 |       |       ||     1
Evoke: Wand              |       |       |       |     1 |       ||     1
  Use: Scroll            |    10 |     3 |    11 |     6 |     5 ||    35
       Potion            |     1 |     7 |     7 |    13 |     4 ||    32
 Stab: Invisible         |       |     2 |       |     5 |       ||     7
       Distracted        |       |       |     1 |     3 |     3 ||     7
       Confused          |       |       |       |     2 |     3 ||     5
  Eat: Chunk             |     3 |     4 |    17 |    46 |    10 ||    80
Armor: Scale mail        |    90 |    77 |    45 |       |       ||   212
       Plate armour      |       |       |    48 |   237 |    51 ||   336
Dodge: Dodged            |    60 |    90 |    86 |   216 |   111 ||   563
Block: Other             |       |     2 |    12 |    19 |    10 ||    43
